 Dungeon Crawl Stone Soup version 0.18.1-50-g88ac8fd (webtiles) character file.

448 nikopol the Chopper (level 6, 0/84 HPs)
             Began as a Minotaur Berserker on Oct 15, 2016.
             Was a Priest of Trog.
             Slain by a phantom (5 damage)
             ... on level 4 of the Dungeon.
             The game lasted 00:06:12 (2692 turns).

nikopol the Chopper (Minotaur Berserker)            Turns: 2692, Time: 00:06:13

Health: 0/84       AC: 12    Str: 27    XL:     6   Next: 73%
Magic:  5/5        EV: 10    Int:  4    God:    Trog [***...]
Gold:   130        SH:  0    Dex: 11    Spells: 0 memorised, 5 levels left

rFire  . . .     SeeInvis .     a - +0 hand axe
rCold  . . .     Gourm    .     q - +0 chain mail (curse)
rNeg   . . .     Faith    .     (no shield)
rPois  .         Spirit   .     (helmet restricted)
rElec  .         Dismiss  .     (no cloak)
rCorr  .         Reflect  .     (no gloves)
SustAt .         Harm     .     u - +2 pair of boots
MR     .....                    (no amulet)
Stlth  ..........               (no ring)
                                (no ring)

@: berserking (expiring), drained, very quick, not resistant to hostile
enchantments, extremely unstealthy
A: retaliatory headbutt, horns 2
a: Berserk, Trog's Hand, Burn Spellbooks, Renounce Religion


You were on level 4 of the Dungeon.
You worshipped Trog.
Trog was most pleased with you.
You were not hungry.

You visited 1 branch of the dungeon, and saw 4 of its levels.

You collected 130 gold pieces.

Inventory:

Hand Weapons
 a - a +0 hand axe (weapon)
Missiles
 p - 38 arrows (quivered)
Armour
 b - a +0 animal skin
 q - a cursed +0 chain mail (worn)
 u - a +2 pair of boots (worn)
Jewellery
 g - a +2 ring of dexterity {unknown}
 j - an uncursed ring of protection from magic {unknown}
 s - an uncursed ring of protection from fire {unknown}
 x - an uncursed ring of see invisible {unknown}
Scrolls
 d - 4 scrolls of identify {unknown}
 e - 2 scrolls of enchant armour {unknown}
 h - a scroll of random uselessness {unknown}
 l - 2 scrolls of enchant weapon {unknown}
 m - a scroll of remove curse {unknown}
 n - 2 scrolls of teleportation {unknown}
 o - 3 scrolls of magic mapping {unknown}
 w - a scroll of recharging {unknown}
 y - a scroll of immolation {unknown}
Potions
 i - a potion of lignification {unknown}
 k - 2 potions of mutation {unknown}
 t - a potion of experience {unknown}
 v - a potion of invisibility {unknown}
 z - a potion of magic {unknown}
 A - a potion of haste {unknown}
 B - a potion of brilliance {unknown}
 C - a potion of flight {unknown}
 E - a potion of heal wounds {unknown}
 G - a potion of might {unknown}
 H - a potion of curing {unknown}
Comestibles
 c - 4 bread rations
 f - 7 fruits
 r - 2 meat rations
 D - 2 slices of pizza
 F - a royal jelly
 I - a beef jerky
 J - a chunk of flesh


   Skills:
 + Level 5.4(5.1) Fighting
 * Level 5.7(5.4) Axes
 + Level 4.8(4.5) Armour
 + Level 4.2(3.9) Dodging


You had 5 spell levels left.
You didn't know any spells.

Dungeon Overview and Level Annotations

Branches:
Dungeon (4/15)
 Temple: D:4-7

Altars:
Nemelex Xobeh
Ru


Innate Abilities, Weirdness & Mutations

You reflexively headbutt those who attack you in melee.
You have a pair of horns on your head.


Message History

Things that are here:
a short sword; a robe You closely miss the wight.
You headbutt the wight!
The wight is severely damaged.
The wight hits you but does no damage.
You hit the wight.
The wight is almost destroyed.
The wight barely misses you. You furiously retaliate!
You headbutt the wight!
You destroy the wight!
The phantom hits you but does no damage.
You barely miss the phantom. Your headbutt misses the phantom.
The phantom is heavily damaged.
The phantom hits you.
* * * LOW HITPOINT WARNING * * *
You slash the phantom!
The phantom is severely damaged.
You hit the phantom.
The phantom is almost destroyed.
The phantom hits you.
You die...

########## #........
#......# #......##
### ####.W.P...# ..#
#....@..P..# ..#
##..P†)).♣....
..#########...♣)).♣♣
.
♣♣...........P♣♣♣P...
P♣....#####.♣♣♣ .P..#
.♣....# #..♣ ......
.♣....#####....
..<....
♣♣..........#P..
###....
P♣....#####..####
....


You could see a phantom.

Vanquished Creatures
  4 wights (D:4)
  An orc priest (D:3)
  2 orc wizards
  A worker ant (D:4)
  Robin (D:3)
  7 adders
  2 oozes
  4 giant geckos
  7 orcs
  6 bats
  A giant cockroach (D:2)
  16 goblins
  9 hobgoblins
  16 kobolds
  2 quokkas
  A ball python (D:1)
  7 giant newts
  A jackal zombie (D:1)
  A quokka zombie (D:1)
  5 rats
94 creatures vanquished.

Notes
Turn   | Place    | Note
--------------------------------------------------------------
     0 | D:1      | nikopol the Minotaur Berserker began the quest for the Orb.
     0 | D:1      | Reached XP level 1. HP: 19/19 MP: 0/0
    81 | D:1      | Reached XP level 2. HP: 16/27 MP: 1/1
   460 | D:1      | Reached XP level 3. HP: 28/33 MP: 2/2
   485 | D:1      | Reached ** piety under Trog
   932 | D:2      | Reached XP level 4. HP: 38/40 MP: 3/3
  1023 | D:2      | Found a sacrificial altar of Ru.
  1484 | D:3      | Reached XP level 5. HP: 47/47 MP: 4/4
  1716 | D:3      | Found a sparkling altar of Nemelex Xobeh.
  1802 | D:3      | Noticed Robin
  1810 | D:3      | Reached *** piety under Trog
  1817 | D:3      | Killed Robin
  2178 | D:3      | Reached skill level 5 in Fighting
  2634 | D:4      | Reached skill level 5 in Axes
  2634 | D:4      | Reached XP level 6. HP: 56/56 MP: 5/5
  2692 | D:4      | Slain by a phantom

Skill      XL: |  1  2  3  4  5  6 |
---------------+-------------------+-----
Armour         | 3 4 |  4.8
Fighting       | 4 5 |  5.4
Axes           | 4 5 |  5.7
Dodging        | 3 4 |  4.2

Action                   |  1- 3 |  4- 6 || total
-------------------------+-------+-------++-------
Melee: Hand axe          |    85 |   133 ||   218
       Headbutt          |     8 |    25 ||    33
Invok: Berserk           |       |     2 ||     2
 Stab: Paralysed         |       |     2 ||     2
  Eat: Chunk             |       |     7 ||     7
Armor: Animal skin       |     4 |       ||     4
       Chain mail        |    39 |    82 ||   121
Dodge: Dodged            |    50 |    68 ||   118
